 Dungeon Crawl Stone Soup version 0.32-a0-818-gb728d0252e (webtiles) character file.

Game seed: 10887740200122430096

1088 porpoise the Fighter (level 8, -4/102 HPs)
             Began as a Barachi Hunter on Mar 24, 2024.
             Was a Follower of Cheibriados.
             Slain by a kobold brigand
             ... wielding a +0 whip
              (7 damage)
             ... on level 6 of the Dungeon.
             The game lasted 00:15:36 (4646 turns).

porpoise the Fighter (Barachi Hunter)               Turns: 4646, Time: 00:15:38

Health: -4/102     AC: 24    Str: 21    XL:     8   Next: 30%
Magic:  8/8        EV:  2    Int: 16    God:    Cheibriados [*.....]
Gold:   232        SH:  0    Dex: 20    Spells: 7/7 levels left

rFire   . . .        a - +0 shortbow
rCold   + . .        (shield currently unavailable)
rNeg    . . .        w - melded +2 ring mail {rC+}
rPois   +            (helmet currently unavailable)
rElec   .            (cloak currently unavailable)
rCorr   .            z - melded +0 pair of gloves
SInv    .            (boots currently unavailable)
Will    +....        (no amulet)
Stlth   ++           s - +6 ring of strength
HPRegen 0.37/turn    x - ring of protection from cold
MPRegen 0.11/turn

%: no passive effects
@: mighty, on fire, tree-form, glowing, studying Fighting, very slow
A: stationary, stasis, torment immunity, boosted hp, (amphibious), (slowness 1),
(strong legs 1), +LOS, clever 1, strong-willed 1, inability to drink after
injury 1
a: Renounce Religion, Bend Time


You were on level 6 of the Dungeon.
You worshipped Cheibriados.
Cheibriados was aware of your devotion.
You were a tree.
You visited 1 branch of the dungeon, and saw 6 of its levels.

You collected 232 gold pieces.

Inventory:

Hand Weapons
 a - a +0 shortbow (weapon)
Missiles
 l - 4 poisoned darts
 q - 6 curare-tipped darts
 u - 4 boomerangs
Armour
 c - a +0 leather armour
 w - a +2 ring mail of cold resistance (melded)
 z - a +0 pair of gloves (melded)
Jewellery
 s - a +6 ring of strength (left branch)
 x - a ring of protection from cold (right branch)
 A - a +6 ring of strength
Wands
 j - a wand of digging (8)
 y - a wand of polymorph (5)
Scrolls
 b - a scroll of butterflies
 e - a scroll of vulnerability {unknown}
 g - a scroll of poison {unknown}
 h - 2 scrolls of revelation {unknown}
 i - 2 scrolls of identify {unknown}
 m - a scroll of fog {unknown}
 r - 2 scrolls of teleportation {unknown}
 t - a scroll of immolation {unknown}
Potions
 d - a potion of might
 f - a potion of berserk rage {unknown}
 k - a potion of mutation
 n - 2 potions of curing {unknown}
 o - a potion of lignification
 p - a potion of degeneration {unknown}
 v - a potion of magic {unknown}


   Skills:
 + Level 8.3 Fighting
 * Level 7.7 Ranged Weapons
 - Level 2.1 Dodging
 - Level 5.0 Stealth


You had 7 spell levels left.
You didn't know any spells.
Your spell library contained the following spells:

 Spells                   Type           Power      Damage    Failure   Level
 Slow                     Hex            0%         N/A       26%         1
 Confusing Touch          Hex            0%         N/A       58%         3
 Vampiric Draining        Necr           0%         2d6       58%         3
 Leda's Liquefaction      Alch/Erth      0%         N/A       94%         4
 Lee's Rapid Deconstruct  Erth           0%         3d4*      100%        5
 Permafrost Eruption      Ice/Erth       0%         2x4d2     100%        6
 Haunt                    Necr/Summ      0%         N/A       100%        7
 Borgnjor's Revivificati  Necr           0%         N/A       100%        8
 Death's Door             Necr           0%         N/A       100%        9


Dungeon Overview and Level Annotations

Branches:
Dungeon (6/15)             Temple (0/1) D:5

Altars:
Cheibriados
Dithmenos

Shops:
D:1 [   D:5 *

Annotations:
D:4 exclusion: upstairs


Innate Abilities, Weirdness & Mutations

You are a tree.
Your roots penetrate the ground, keeping you stationary.
You cannot be teleported.
You are immune to unholy pain and torment.
Your maximum health is greatly increased.
Your equipment is partially melded.
((You are amphibious.))
((You cover ground slowly.))
((You can hop short distances.))
You have an extended range of vision and can be seen from far away.
Your mind is acute. (Int +4, Str/Dex -1)
You are strong-willed. (Will+)
You occasionally lose the ability to drink potions when taking damage.


Message History

The kobold brigand hits you but does no damage.
A kobold comes into view. It is wielding a +0 short sword.
The kobold hits you but does no damage.
You shoot an arrow.
The arrow barely misses the kobold brigand.
The liquid fire burns you!
* * * LOW HITPOINT WARNING * * *
The kobold brigand barely misses you. The kobold barely misses you.
You shoot an arrow. The arrow hits the bombardier beetle!
You kill the bombardier beetle!
The liquid fire burns you!
* * * LOW HITPOINT WARNING * * *
The kobold brigand hits you with a +0 whip.
* * * LOW HITPOINT WARNING * * *
The kobold hits you but does no damage.
It was a potion of lignification.
You turn into a tree.
Your +0 pair of gloves melds into your body.
Your +2 ring mail of cold resistance melds into your body.
You feel less resistant to cold.
Your roots penetrate the ground.
The liquid fire burns you!
* * * LOW HITPOINT WARNING * * *
The kobold brigand hits you with a +0 whip.
* * * LOW HITPOINT WARNING * * *
The kobold hits you but does no damage.
It was a potion of might.
You feel very mighty all of a sudden. The liquid fire burns you!
* * * LOW HITPOINT WARNING * * *
The kobold brigand hits you with a +0 whip.
* * * LOW HITPOINT WARNING * * *
The kobold hits you but does no damage.
It was a potion of mutation.
You feel extremely strange.
You feel strong-willed.
You occasionally lose the ability to drink potions when taking damage.
You feel clever. The liquid fire burns you!
* * * LOW HITPOINT WARNING * * *
The kobold brigand hits you with a +0 whip!
You die...
Cheibriados appreciates the motionlessness of death.

###+## ########## #....#
#......... #....######
#......... #....+....#
#.........
....#....####.###.........
.....)...♣KK....'.........
..#+####K####.###.........
.... #.# #.........
....... #.# #.........
.....###K##.# #.........
...... #..##.# #.........
...... #.###.# #.........
..... #.###.###.........
....... #....
.#..#............#.


You could see a kobold brigand and 2 kobolds.

Vanquished Creatures
  A water moccasin (D:5)
  2 ogres
  A phantom (D:6)
  A centaur (D:6)
  3 scorpions
  A bombardier beetle (D:6)
  A hound (D:5)
  A jelly (D:5)
  A sleepcap (D:5)
  2 iguanas
  2 orc wizards
  5 adders
  11 gnolls
  A white imp (D:6)
  17 orcs
  4 bats
  7 endoplasms
  2 giant cockroaches (D:1)
  7 goblins
  8 hobgoblins
  7 jackals
  A quokka (D:1)
  7 ball pythons
  9 frilled lizards
  6 kobolds
  6 rats
114 creatures vanquished.

Notes
Turn   | Place    | Note
-------+----------+-------------------------------------------
     0 | D:1      | porpoise the Barachi Hunter began the quest for the Orb.
     0 | D:1      | Reached XP level 1. HP: 17/17 MP: 1/1
   158 | D:1      | Reached XP level 2. HP: 14/23 MP: 2/2
   167 | D:1      | Reached skill level 3 in Fighting
   249 | D:1      | Found a faded altar of an unknown god.
   568 | D:1      | Reached XP level 3. HP: 29/29 MP: 3/3
   649 | D:1      | Found Gavisun's Armour Emporium.
  1029 | D:2      | Reached skill level 4 in Fighting
  1110 | D:2      | Reached skill level 1 in Stealth
  1120 | D:2      | Reached skill level 5 in Ranged Weapons
  1120 | D:2      | Reached XP level 4. HP: 37/37 MP: 4/4
  1290 | D:2      | Reached XP level 5. HP: 40/43 MP: 5/5
  1919 | D:3      | Noticed an ogre
  1929 | D:3      | Killed an ogre
  1930 | D:3      | Reached skill level 5 in Fighting
  1930 | D:3      | Reached XP level 6. HP: 51/51 MP: 6/6
  2220 | D:3      | Found a snail-covered altar of Cheibriados.
  2437 | D:3      | Found a shadowy altar of Dithmenos.
  2995 | D:3      | Became a worshipper of Cheibriados the Contemplative
  3034 | D:4      | Reached skill level 6 in Fighting
  3263 | D:4      | Reached XP level 7. HP: 56/58 MP: 7/7
  3292 | D:4      | Reached * piety under Cheibriados
  3653 | D:5      | Entered Level 5 of the Dungeon
  3694 | D:5      | Found a staircase to the Ecumenical Temple.
  4050 | D:5      | Found Nuwk's Fire Supplies.
  4217 | D:5      | Reached skill level 7 in Fighting
  4439 | D:5      | Reached skill level 5 in Stealth
  4439 | D:5      | Reached XP level 8. HP: 40/67 MP: 8/8
  4638 | D:6      | Reached skill level 8 in Fighting
  4646 | D:6      | Gained mutation: You are strong-willed. (Will+) [potion of
                  | mutation]
  4646 | D:6      | Gained mutation: You occasionally lose the ability to drink
                  | potions when taking damage. [potion of mutation]
  4646 | D:6      | Gained mutation: Your mind is acute. (Int +4, Str/Dex -1)
                  | [potion of mutation]
  4646 | D:6      | HP: 3/102 [burnt (5)]
  4646 | D:6      | Slain by a kobold brigand

Illustrated notes

Levels and vault maps discovered:
D:1:      beargit_arrival_greenhouse, layout_loops_corners, serial_shops,
          nicolae_shop_peninsula, hellmonk_ecumenical_altar_slurped_away
D:2:      layout_rooms, serial_forest, infiniplex_forest_clump_small,
          infiniplex_forest_straight_1, infiniplex_forest_lined_3_way,
          infiniplex_forest_straight_3, infiniplex_forest_straight_2,
          infiniplex_forest_straight_4, minmay_tiny_reverse_x
D:3:      layout_basic, lemuel_round_altar, nicolae_overflow_hidden_temple
D:4:      layout_cave_pools, serial_column_ruins, column_ruins_hut_water,
          column_ruins_open_tiny, column_ruins_open_small,
          column_ruins_open_tiny, column_ruins_grid_3, column_ruins_columns_T,
          serial_bayou_pond_d
D:5:      layout_loops_ring, minmay_temple_entry_junction, chequers_jeans,
          nicolae_shop_fire_sale [nicolae_sub_dead_trees]
D:6:      layout_basic, minmay_manual_macuahuitl

Skill      XL: |  1  2  3  4  5  6  7  8 |
---------------+-------------------------+-----
Fighting       | 3 4 5 6 7 8 |  8.3
Stealth        | 1 2 3 5 |  5.0
Ranged Weapons | 5 6 7 |  7.7
Dodging        | |  2.1

Action                     |  1- 3 |  4- 6 |  7- 9 || total
---------------------------+-------+-------+-------++-------
   Fire: Shortbow          |   110 |   202 |   128 ||   440
    Use: Potion            |       |       |     3 ||     3
 Armour: Leather armour    |    31 |    62 |    16 ||   109
         Ring mail         |       |       |    37 ||    37
         Skin              |       |       |     5 ||     5
  Dodge: Dodged            |    50 |    56 |    42 ||   148

Table legend: (Time is in decaauts)
 A = Elapsed time spent in this place.
 B = Non-inter-level travel time spent in this place.
 C = Inter-level travel time spent in this place.
 D = Time resting spent in this place.
 E = Time spent auto-exploring this place.
 F = Levels seen in this place.
 G = Mean time per level.
                   A        B        C        D        E       F      G
               +--------+--------+--------+--------+--------+-----+--------+
         Total |   5630 |   5364 |    266 |   1095 |   3362 |   6 |  938.3 |
       Dungeon |   5630 |   5364 |    266 |   1095 |   3362 |   6 |  938.3 |
               +--------+--------+--------+--------+--------+-----+--------+

Top non-repeatable levels by time:
     D:5: 1219 daAuts
     D:3: 1185 daAuts
     D:1: 1174 daAuts
     D:4: 1116 daAuts
     D:2: 759 daAuts
     D:6: 175 daAuts
